 Dungeon Crawl Stone Soup version 0.31-a0-1612-g4aaf141004 (webtiles) character file.

Game seed: 10661749545719110753

30446 gruber the Slicer (level 13, -9/68 HPs)
             Began as a Vine Stalker Fighter on Jan 9, 2024.
             Was a High Priest of Uskayaw.
             Mangled by a cyclops (14 damage)
             ... on level 13 of the Dungeon.
             The game lasted 00:18:38 (11468 turns).

gruber the Slicer (Vine Stalker Fighter)           Turns: 11468, Time: 00:18:39

Health: -9/68      AC: 19    Str: 20    XL:     13   Next: 51%
Magic:  0/30       EV: 11    Int:  8    God:    Uskayaw [*****.]
Gold:   757        SH: 12    Dex: 18    Spells: 12/12 levels left

rFire   . . .        G - +2 dagger (speed)
rCold   + . .        Q - +0 kite shield
rNeg    . . .        j - +2 scale mail {rC+}
rPois   .            (no helmet)
rElec   .            A - +1 cloak {rCorr}
rCorr   +            E - +0 pair of gloves
SInv    .            m - +1 pair of boots
Will    +....        (no amulet)
Stlth   +++          a - ring of magical power
HPRegen 1.11/turn    O - +4 ring of protection
MPRegen 0.22/turn

%: guardian spirit
@: no status effects
A: fangs 3, regeneration 1, magic shield, antimagic bite, no potion heal 2
a: Renounce Religion, Stomp, Line Pass, Grand Finale


You were on level 13 of the Dungeon.
You worshipped Uskayaw.
Uskayaw was aware of your devotion.
You visited 1 branch of the dungeon, and saw 13 of its levels.
You also visited: Sewer.

You collected 757 gold pieces.

Inventory:

Hand Weapons
 G - a +2 dagger of speed (weapon)
Missiles
 t - 25 poisoned darts (quivered)
Armour
 j - a +2 scale mail of cold resistance (worn)
 m - a +1 pair of boots (worn)
 A - a +1 cloak of preservation (worn)
 E - a +0 pair of gloves (worn)
 Q - a +0 kite shield (worn)
Jewellery
 a - a ring of magical power (left hand)
 O - a +4 ring of protection (right hand)
 P - a ring of protection from fire
 R - a +6 ring of strength
Wands
 c - a wand of polymorph (8)
 w - a wand of charming (9)
 y - a wand of mindburst (7)
 K - a wand of iceblast (10)
 M - a wand of flame (28)
Scrolls
 e - 5 scrolls of teleportation {unknown}
 f - 2 scrolls of fog {unknown}
 h - 5 scrolls of amnesia {unknown}
 i - 13 scrolls of identify {unknown}
 l - 3 scrolls of summoning {unknown}
 o - a scroll of silence {unknown}
 s - 4 scrolls of noise {unknown}
 v - a scroll of fear {unknown}
 x - 3 scrolls of vulnerability {unknown}
 z - 2 scrolls of blinking {unknown}
 C - 3 scrolls of immolation {unknown}
 D - a scroll of enchant weapon {unknown}
 H - 2 scrolls of revelation {unknown}
 N - a scroll of poison {unknown}
Potions
 b - 3 potions of degeneration {unknown}
 d - 4 potions of might
 g - 4 potions of haste {unknown}
 k - a potion of lignification {unknown}
 n - 3 potions of mutation {unknown}
 p - 3 potions of resistance {unknown}
 q - 3 potions of brilliance {unknown}
 r - 2 potions of enlightenment {unknown}
 u - 4 potions of attraction {unknown}
 B - 3 potions of curing {unknown}
 F - 2 potions of heal wounds {unknown}
 I - 3 potions of cancellation {unknown}
 J - a potion of ambrosia {unknown}
 L - a potion of magic {unknown}


   Skills:
 - Level 8.0 Fighting
 - Level 12.0 Short Blades
 - Level 5.0 Armour
 - Level 5.0 Dodging
 - Level 8.0 Stealth
 - Level 10.0 Shields
 * Level 9.3 Invocations


You had 12 spell levels left.
You didn't know any spells.
Your spell library contained the following spells:

 Spells                   Type           Power      Damage    Failure   Level
 Necrotise                Necr           0%         1d4       92%         1
 Blink                    Tloc           0%         N/A       98%         2
 Momentum Strike          Conj/Tloc      0%         3d8       98%         2
 Frozen Ramparts          Ice            0%         1d1       100%        3
 Gell's Gravitas          Tloc           0%         N/A       100%        3
 Mephitic Cloud           Conj/Alch/Air  0%         N/A       100%        3
 Teleport Other           Tloc           0%         N/A       100%        3
 Tukima's Dance           Hex            0%         N/A       100%        3
 Vampiric Draining        Necr           0%         2d6       100%        3
 Cause Fear               Hex            0%         N/A       100%        4
 Leda's Liquefaction      Alch/Erth      0%         N/A       100%        4
 Martyr's Knell           Necr/Summ      0%         N/A       100%        4
 Passage of Golubria      Tloc           0%         N/A       100%        4
 Petrify                  Alch/Erth      0%         N/A       100%        4
 Curse of Agony           Necr           0%         N/A       100%        5
 Fireball                 Conj/Fire      0%         3d3       100%        5
 Metabolic Englaciation   Hex/Ice        0%         N/A       100%        5
 Yara's Violent Unravell  Hex/Alch       0%         3d3       100%        5
 Dispersal                Tloc           0%         N/A       100%        6
 Malign Gateway           Summ/Tloc      0%         N/A       100%        7
 Dragon's Call            Summ           0%         N/A       100%        9


Dungeon Overview and Level Annotations

Branches:
Dungeon (13/15)            Temple (0/1) D:6            Lair (0/5) D:10
    Orc (0/2) D:11          Sewer (visited)
 Vaults: D:13-14

Altars:
Ashenzari
Dithmenos
Fedhas
Hepliaklqana
Makhleb
Qazlal
Sif Muna
Trog
Uskayaw
Wu Jian
Xom
Yredelemnul
The Shining One

Shops:
D:2 !   D:13 *

Annotations:
D:6 2 transporters, Domino's ghost, novice MiFi
D:12 3 runed translucent doors, Raspi's ghost, journeyman TrSh


Innate Abilities, Weirdness & Mutations

You have razor-sharp teeth.
Your natural rate of healing is unusually fast.
When hurt, damage is shared between your health and your magic reserves.
Your bite disrupts and absorbs the magic of your enemies.
Potions cannot restore your health.


Message History

The tengu warrior completely misses you.
The tengu warrior claws you.
Unknown command.
Unknown command.
Unknown command.
Unknown command.
You miss the tengu warrior. You bite the tengu warrior. You drain its power.
You feel invigorated.
The tengu warrior is severely wounded.
The tengu warrior closely misses you.
The tengu warrior pecks you but does no damage.
The tengu warrior claws you but does no damage.
You barely miss the tengu warrior. Your bite misses the tengu warrior.
The tengu warrior is severely wounded.
You stomp with the beat, sending a shockwave through the revellers around you!
The tengu warrior is almost dead.
The cyclops is heavily wounded.
The tengu warrior hits you with a +1 war axe of freezing!
* * * LOW HITPOINT WARNING * * *
The tengu warrior freezes you.
* * * LOW HITPOINT WARNING * * *
The tengu warrior pecks you but does no damage.
The tengu warrior claws you but does no damage.
The cyclops hits you!!
* * * LOW HITPOINT WARNING * * *
Uskayaw links your audience in an emotional bond!
Unknown command.
Unknown command.
Unknown command.
You hit the tengu warrior but do no damage.
Your bite misses the tengu warrior.
The tengu warrior is almost dead.
The tengu warrior blocks your attack.
The tengu warrior is almost dead.
The tengu warrior hits you with a +1 war axe of freezing.
* * * LOW HITPOINT WARNING * * *
You block the tengu warrior's attack.
The tengu warrior claws you but does no damage.
The cyclops hits you!
You die...

####.#
#.#p##..)...##
##.#C#C# #......#
#D#p#H# #....#.#
##.#9# #....#.#
#.#.#9# #....#.#
##Q#.#$# #......##
##Y#.#.#.##........
#C#########........
#.@................
###Q...............
##........)......
#.....###.......
#.....##.)......
########........
#......## #...^..#
##....##


You could see a tengu warrior (pain bonded) and a cyclops (pain bonded).

Vanquished Creatures
  A storm dragon (D:11)
  A vault guard (D:13)
  A hydra (D:13)
  8 two-headed ogres
  3 centaur warriors (D:13)
  2 boulder beetles
  A tengu warrior (D:13)
  3 death yaks (D:10)
  2 cyclopes
  5 ugly things
  3 manticores
  3 meliai (D:13)
  Joseph (D:8)
  2 unseen horrors
  A komodo dragon (D:13)
  A tengu conjurer (D:13)
  4 trolls
  Grinder (Sewer)
  A slime creature (D:13)
  2 shadows
  2 wraiths
  2 vampires
  32 yaks
  A steam dragon (D:10)
  A warg (D:11)
  4 vampire mosquitoes (D:12)
  A water moccasin (D:7)
  5 orc warriors
  2 sky beasts
  A black bear (D:5)
  An ogre (D:6)
  2 wolves (D:11)
  9 centaurs
  2 kobold brigands
  2 phantoms
  10 bullfrogs
  2 necrophages
  2 scorpions
  A gnoll sergeant (D:9)
  9 killer bees
  4 howler monkeys
  A bombardier beetle (D:4)
  Crazy Yiuf (D:4)
  5 orc priests
  2 hounds
  A jelly (D:5)
  Terence (D:3)
  A hell rat (D:10)
  4 iguanas
  18 orc wizards
  A hound skeleton (D:7)
  Robin (D:3)
  9 gnolls
  11 adders
  4 river rats (D:10)
  4 shadow imps
  A white imp (D:5)
  5 ufetubi (Sewer)
  2 dart slugs (D:2)
  3 ribbon worms
  37 orcs
  8 ball pythons
  A bat zombie (Sewer)
  9 endoplasms
  4 giant cockroaches
  8 hobgoblins
  3 jackals (D:1)
  5 quokkas
  7 bats
  10 goblins
  23 kobolds
  A kobold zombie (Sewer)
  8 rats
340 creatures vanquished.

Notes
Turn   | Place    | Note
-------+----------+-------------------------------------------
     0 | D:1      | gruber the Vine Stalker Fighter began the quest for the
                  | Orb.
     0 | D:1      | Reached XP level 1. HP: 11/11 MP: 2/2
    54 | D:1      | Reached skill level 2 in Short Blades
   100 | D:1      | Reached XP level 2. HP: 16/16 MP: 3/3
   403 | D:1      | Reached skill level 3 in Short Blades
   618 | D:2      | Reached XP level 3. HP: 18/19 MP: 4/4
   692 | D:2      | Found Hah Yqof's Distillery.
   697 | D:2      | Reached XP level 4. HP: 23/23 MP: 5/5
   740 | D:2      | Got the Incunable of Voltaic Elsewhere
   778 | D:2      | Reached skill level 4 in Short Blades
  1237 | D:3      | Found a stormy altar of Qazlal.
  1238 | D:3      | Noticed Terence
  1260 | D:3      | Killed Terence
  1263 | D:3      | Reached XP level 5. HP: 24/27 MP: 4/6
  1295 | D:3      | Found an ornate altar of the Wu Jian Council.
  1383 | D:3      | Noticed Robin
  1396 | D:3      | Killed Robin
  1440 | D:3      | Reached skill level 5 in Short Blades
  1609 | D:3      | Found a hide-covered altar of Uskayaw.
  1727 | D:3      | Found a glowing drain.
  1740 | Sewer    | Entered a sewer
  1872 | Sewer    | Reached XP level 6. HP: 25/32 MP: 4/7
  1945 | Sewer    | Noticed Grinder
  1966 | Sewer    | Reached skill level 6 in Short Blades
  1977 | Sewer    | Killed Grinder
  1978 | Sewer    | Reached XP level 7. HP: 13/35 MP: 4/8
  1982 | Sewer    | Found an ancient bone altar of Kikubaaqudgha.
  1986 | Sewer    | HP: 1/35 [poisoned by a kobold brigand]
  1987 | Sewer    | Reached skill level 7 in Short Blades
  2271 | D:3      | Found a hazy altar of Hepliaklqana.
  2548 | D:4      | Found a shimmering altar of Xom.
  2572 | D:4      | Found a basalt altar of Yredelemnul.
  2730 | D:4      | Found a blossoming altar of Fedhas.
  2787 | D:4      | Found a runed translucent door.
  2788 | D:4      | Noticed Crazy Yiuf
  2849 | D:4      | Found a shimmering blue altar of Sif Muna.
  2911 | D:4      | Killed Crazy Yiuf
  2947 | D:5      | Entered Level 5 of the Dungeon
  2956 | D:5      | Reached skill level 8 in Short Blades
  3133 | D:5      | Gained mutation: You have razor-sharp teeth. [Vine Stalker
                  | growth]
  3133 | D:5      | Reached XP level 8. HP: 33/39 MP: 7/9
  3681 | D:3      | Became a worshipper of Uskayaw the Reveller
  3782 | D:6      | Reached * piety under Uskayaw
  3811 | D:6      | Reached ** piety under Uskayaw
  3857 | D:6      | Found a transporter.
  3859 | D:6      | Noticed Domino's ghost (novice MiFi)
  3860 | D:6      | Found a transporter.
  3861 | D:6      | Identified the +0 great mace "Demonslayer" {holy, *Corrode
                  | rC++ Stlth+}
  3861 | D:6      | Noticed a two-headed ogre
  3882 | D:6      | Reached skill level 5 in Armour
  3885 | D:6      | Reached *** piety under Uskayaw
  3887 | D:6      | Found a staircase to the Ecumenical Temple.
  3890 | D:6      | Reached **** piety under Uskayaw
  3893 | D:6      | Reached skill level 1 in Dodging
  3894 | D:6      | Reached ***** piety under Uskayaw
  3912 | D:6      | Reached ****** piety under Uskayaw
  3978 | D:6      | Reached XP level 9. HP: 43/43 MP: 10/10
  4137 | D:6      | Found a broken altar of Ashenzari.
  4151 | D:6      | Found a glowing golden altar of the Shining One.
  4225 | D:6      | Found Wavoafurr's Magic Scroll Boutique.
  4442 | D:7      | Reached skill level 5 in Dodging
  4442 | D:7      | Reached skill level 1 in Stealth
  4659 | D:7      | Reached skill level 5 in Stealth
  4850 | D:7      | Found a burning altar of Makhleb.
  5095 | D:7      | Found a bloodstained altar of Trog.
  5529 | D:8      | Reached skill level 1 in Invocations
  5816 | D:8      | Noticed Joseph
  5831 | D:8      | Killed Joseph
  5832 | D:8      | Reached XP level 10. HP: 40/47 MP: 13/13
  6121 | D:8      | Reached skill level 5 in Invocations
  6215 | D:9      | Noticed a two-headed ogre
  6230 | D:9      | Killed a two-headed ogre
  6501 | D:9      | Noticed an eight-headed hydra
  6501 | D:9      | Noticed a kobold demonologist
  6501 | D:9      | Noticed a seven-headed hydra
  6501 | D:9      | Noticed a purple ugly thing
  6501 | D:9      | Noticed a centaur warrior
  6502 | D:9      | You fall into a shaft and drop 3 floors!
  6506 | D:12     | Found a runed translucent gate.
  6507 | D:12     | Found a runed translucent gate.
  6508 | D:12     | Noticed an eight-headed hydra
  6510 | D:12     | Noticed a minotaur
  6510 | D:12     | Noticed a manticore
  6511 | D:12     | Found a runed translucent gate.
  6511 | D:12     | Noticed Raspi's ghost (journeyman TrSh)
  6661 | D:11     | Noticed a two-headed ogre
  6677 | D:11     | Killed a two-headed ogre
  6693 | D:11     | Noticed a boulder beetle
  6699 | D:11     | Killed a boulder beetle
  6700 | D:11     | Reached skill level 5 in Fighting
  6700 | D:11     | Reached XP level 11. HP: 56/56 MP: 18/18
  6708 | D:10     | Entered Level 10 of the Dungeon
  7095 | D:9      | Noticed a cyclops
  7106 | D:9      | Noticed a skeletal warrior
  7310 | D:10     | Noticed a death yak
  7310 | D:10     | Noticed a death yak
  7352 | D:10     | Killed a death yak
  7392 | D:10     | Found a staircase to the Lair.
  7451 | D:10     | Found a shadowy altar of Dithmenos.
  7744 | D:10     | Noticed a cyan ugly thing
  7776 | D:10     | Killed a cyan ugly thing
  7801 | D:10     | Noticed a death yak
  7877 | D:10     | Killed a death yak
  7878 | D:10     | Reached skill level 5 in Shields
  7923 | D:10     | Killed a death yak
  8076 | D:10     | Noticed a two-headed ogre
  8082 | D:10     | Killed a two-headed ogre
  8421 | D:11     | Found a staircase to the Orcish Mines.
  8454 | D:11     | Reached XP level 12. HP: 33/64 MP: 13/19
  8591 | D:11     | Noticed a two-headed ogre
  8648 | D:11     | Noticed a two-headed ogre
  8660 | D:11     | Killed a two-headed ogre
  8976 | D:11     | Reached skill level 9 in Short Blades
  9177 | D:11     | Noticed a two-headed ogre
  9218 | D:11     | Killed a two-headed ogre
  9279 | D:11     | Noticed a storm dragon
  9286 | D:11     | Killed a two-headed ogre
  9291 | D:11     | Killed a storm dragon
  9705 | D:12     | Noticed a two-headed ogre
  9743 | D:12     | Killed a two-headed ogre
  9933 | D:12     | Reached skill level 10 in Shields
 10208 | D:12     | Noticed a two-headed ogre
 10220 | D:12     | Killed a two-headed ogre
 10221 | D:12     | Reached skill level 10 in Short Blades
 10448 | D:12     | Reached XP level 13. HP: 68/68 MP: 20/20
 10681 | D:13     | Reached skill level 11 in Short Blades
 10795 | D:13     | Identified the +2 robe of a treasure trove {Fly rF+++ Str+3
                  | Int-2}
 10817 | D:13     | Identified the +1 robe of Decompression {rC++ Stlth+}
 11185 | D:13     | Found Xeokkor's General Store.
 11297 | D:13     | Reached skill level 12 in Short Blades
 11391 | D:13     | Noticed a vault guard
 11436 | D:13     | Killed a vault guard
 11468 | D:13     | Mangled by a cyclops

Illustrated notes

Levels and vault maps discovered:
D:1:      lightli_arrival_maybe_door_vault, layout_loops_ring,
          columned_hall_lemuel
D:2:      layout_rooms, serial_shops, nicolae_shop_rolling_square
D:3:      layout_loops_ring, nicolae_qazlal_scattered_showers,
          nzn_wu_jian_council_hall, lemuel_doored_altar, general_overflow_altar,
          portal_sewer_entry_d, uniq_robin, uniq_terence
D:4:      layout_rooms, kennysheep_little_box, mainiacjoe_overflow_tiny_flanked,
          xom_teletrap_fun, kennysheep_mini_moat, guppyfry_early_lair_pool,
          uniq_crazy_yiuf_cottage
D:5:      layout_cave_pools, dk_rats_in_the_wall
D:6:      layout_rooms, jmf_multi_god_temple, minmay_temple_entry_waves,
          gammafunk_ghost_smash, kennysheep_small_square
D:7:      layout_loops_ring, bloody_trog, makhleb_blood_cavern_becter
D:8:      layout_basic, uniq_joseph
D:9:      layout_irregular_city, grunt_decor_resistance, minivault_12
D:10:     layout_long_grid, nicolae_overflow_crystal_walls, dpeg_lair_monsters
D:11:     nzn_winding_woodlands_small [nzn_winding_woodlands_5x15_concentric,
          nzn_winding_woodlands_center_diamonds,
          nzn_winding_woodlands_5x15_parted], layout_stronghold,
          minmay_orc_entry_guard_dogs
D:12:     kennysheep_six_static_rooms, layout_loops_ring,
          maelrawn_ghost_gauntlet_escape
D:13:     layout_basic, david_vaults_5, serial_shops, shop

Skill      XL: |  1  2  3  4  5  6  7  8  9 10 11 12 13 |
---------------+----------------------------------------+-----
Short Blades   | 2 3 4 5 6 8 10 12 | 12.0
Armour         | 5 |  5.0
Dodging        | 3 5 |  5.0
Stealth        | 8 |  8.0
Invocations    | 3 8 9 |  9.3
Fighting       | 5 8 |  8.0
Shields        | 7 10 | 10.0

Action                     |  1- 3 |  4- 6 |  7- 9 | 10-12 | 13-15 || total
---------------------------+-------+-------+-------+-------+-------++-------
  Melee: Rapier            |    96 |   190 |    14 |       |       ||   300
         Bite              |    25 |    54 |   169 |   359 |   126 ||   733
         Dagger            |       |       |   462 |   901 |   274 ||  1637
 Invoke: Line Pass         |       |       |     1 |     1 |     1 ||     3
         Stomp             |       |       |       |     3 |     2 ||     5
  Evoke: Wand              |       |       |     6 |     4 |       ||    10
    Use: Potion            |       |     1 |       |       |       ||     1
   Stab: Paralysed         |       |       |     7 |    42 |     5 ||    54
         Sleeping          |       |       |     1 |     4 |     3 ||     8
         Distracted        |       |       |       |       |     1 ||     1
         Confused          |       |       |       |       |     1 ||     1
 Armour: Scale mail        |    77 |   150 |   183 |   309 |   159 ||   878
  Dodge: Dodged            |    41 |    78 |   123 |   241 |    55 ||   538
  Block: Buckler           |    20 |    68 |    64 |    76 |       ||   228
         Kite shield       |       |       |       |   113 |   102 ||   215

Table legend: (Time is in decaauts)
 A = Elapsed time spent in this place.
 B = Non-inter-level travel time spent in this place.
 C = Inter-level travel time spent in this place.
 D = Time resting spent in this place.
 E = Time spent auto-exploring this place.
 F = Levels seen in this place.
 G = Mean time per level.
                   A        B        C        D        E       F      G
               +--------+--------+--------+--------+--------+-----+--------+
         Total |  10575 |   9919 |    656 |     55 |   7463 |  14 |  755.4 |
       Dungeon |  10107 |   9451 |    656 |     55 |   7204 |  13 |  777.5 |
         Sewer |    467 |    467 |      0 |      0 |    259 |   1 |  467.0 |
               +--------+--------+--------+--------+--------+-----+--------+

Top non-repeatable levels by time:
    D:11: 1326 daAuts
    D:10: 1015 daAuts
     D:3: 967 daAuts
     D:8: 881 daAuts
    D:12: 845 daAuts
     D:9: 766 daAuts
    D:13: 728 daAuts
     D:7: 718 daAuts
     D:1: 612 daAuts
     D:5: 567 daAuts
     D:4: 565 daAuts
     D:2: 564 daAuts
     D:6: 547 daAuts
   Sewer: 467 daAuts
